 Dungeon Crawl Stone Soup version 0.30-a0-1094-g860fb061e7 (webtiles) character file.

Game seed: 746119820268056565

24274 fortdeath9 the Severer (level 12, -24/112 HPs)
             Began as a Minotaur Fighter on Apr 17, 2023.
             Was a High Priest of Okawaru.
             Annihilated by Rupert
             ... wielding a +0 great mace of protection
              (34 damage)
             ... on level 3 of the Lair of Beasts.
             The game lasted 01:19:42 (14345 turns).

fortdeath9 the Severer (Minotaur Fighter)          Turns: 14345, Time: 01:19:42

Health: -24/112    AC: 33    Str: 24    XL:     12   Next: 79%
Magic:  14/14      EV:  5    Int: 11    God:    Okawaru [*****.]
Gold:   824        SH:  6    Dex: 10    Spells: 11/11 levels left

rFire   . . .      SeeInvis +    a - +1 war axe
rCold   + . .      Faith    +    c - +0 buckler
rNeg    . . .      Spirit   .    T - +1 crystal plate armour "Juwnut" {rC+ Int+4}
rPois   .          Reflect  .    N - +2 hat {SInv}
rElec   .          Rampage  .    z - +2 cloak {Will+}
rCorr   +                        C - +0 pair of gloves
Will    +....                    (no boots) Stlth
                                 k - amulet of faith
HPRegen 0.38/turn                R - +4 ring of protection
MPRegen 0.14/turn                m - ring of resist corrosion

@: mighty
A: horns 2, retaliatory headbutt
a: Renounce Religion, Heroism, Finesse, Duel


You were on level 3 of the Lair of Beasts.
You worshipped Okawaru.
Okawaru was extremely pleased with you.
You visited 3 branches of the dungeon, and saw 15 of its levels.
You also visited: Ossuary and Bailey.

You collected 824 gold pieces.

Inventory:

Hand Weapons
 a - a +1 war axe (weapon)
Missiles
 b - 5 atropa-tipped darts
 o - 106 stones
 B - 25 poisoned darts
 O - a javelin
 Q - 2 curare-tipped darts
Armour
 c - a +0 buckler (worn)
 z - a +2 cloak of willpower (worn)
 C - a +0 pair of gloves (worn)
 N - a +2 hat of see invisible (worn)
 T - the +1 crystal plate armour "Juwnut" (worn) {rC+ Int+4}
   (Okawaru gifted it to you on level 11 of the Dungeon)

   Int:       It affects your intelligence (+4).
   rC:        It protects you from cold.
Jewellery
 g - a +5 ring of evasion
 k - an amulet of faith (around neck)
 m - a ring of resist corrosion (right hand)
 p - a +4 ring of protection
 A - a +4 ring of slaying
 R - a +4 ring of protection (left hand)
Wands
 v - a wand of mindburst (9)
 x - a wand of roots (13) (quivered)
 U - a wand of light (4)
Scrolls
 h - a scroll of vulnerability
 i - 4 scrolls of fog
 n - a scroll of fear
 q - 4 scrolls of amnesia
 t - 10 scrolls of teleportation
 u - 5 scrolls of magic mapping
 w - 2 scrolls of poison
 y - 4 scrolls of blinking
 D - 3 scrolls of immolation
 K - a scroll of summoning
 P - 3 scrolls of identify
 S - a scroll of enchant weapon
Potions
 d - 2 potions of degeneration {unknown}
 e - a potion of magic
 f - 10 potions of curing
 j - 14 potions of attraction
 r - 6 potions of flight
 s - 4 potions of haste
 G - 4 potions of might
 H - a potion of ambrosia
 I - a potion of resistance {unknown}
 J - 2 potions of mutation {unknown}
 L - 2 potions of invisibility
 M - 2 potions of brilliance


   Skills:
 + Level 11.9 Fighting
 * Level 15.8 Axes
 + Level 11.9 Armour
 + Level 11.9 Shields
 - Level 5.0 Invocations
 + Level 1.6 Evocations


You had 11 spell levels left.
You didn't know any spells.
Your spell library contained the following spells:

 Spells                   Type           Power      Damage    Failure   Level
 Shock                    Conj/Air       0%         1d3       100%        1
 Lesser Beckoning         Tloc           0%         N/A       100%        2
 Scorch                   Fire           0%         2d5       100%        2
 Static Discharge         Conj/Air       0%         2-2/arc   100%        2
 Gell's Gravitas          Tloc           0%         N/A       100%        3
 Portal Projectile        Hex/Tloc       0%         N/A       100%        3
 Swiftness                Air            0%         N/A       100%        3
 Teleport Other           Tloc           0%         N/A       100%        3
 Airstrike                Air            0%         2d(0-16)  100%        4
 Flame Wave               Conj/Fire      0%         2d4       100%        4
 Leda's Liquefaction      Hex/Erth       0%         N/A       100%        4
 Olgreb's Toxic Radiance  Pois           0%         N/A       100%        4
 Blade Hands              Tmut           0%         N/A       100%        5
 Irradiate                Conj/Tmut      0%         3d11      100%        5
 Dragon Form              Tmut           0%         N/A       100%        7
 Discord                  Hex            0%         N/A       100%        8
 Ignition                 Fire           0%         3d3       100%        8
 Call Canine Familiar     Summ           Unusable   N/A       N/A         3
 Summon Lightning Spire   Summ/Air       Unusable   N/A       N/A         4
 Summon Cactus Giant      Summ           Unusable   N/A       N/A         6

Dungeon Overview and Level Annotations

Branches:
Dungeon (11/15)            Temple (1/1) D:4            Lair (3/5) D:11
  Swamp (0/4) Lair:3          Orc (0/2) D:10        Ossuary (visited)
 Bailey (visited)
  Snake: Lair:2-3    Spider: Lair:2-3

Altars:
Ashenzari
Cheibriados
Dithmenos
Elyvilon
Fedhas
Gozag
Hepliaklqana
Kikubaaqudgha
Makhleb
Nemelex Xobeh
Okawaru
Qazlal
Ru
Sif Muna
Trog
Uskayaw
Vehumet
Wu Jian
Xom
Yredelemnul
Zin
The Shining One

Shops:
D:3 *(**:

Portals:
Trove: D:11 (show slimy rune of Zot)

Annotations:
Lair:3 Rupert


Innate Abilities, Weirdness & Mutations

You have a pair of horns on your head.
You reflexively headbutt those who attack you in melee.


Message History

Rupert is severely wounded.
Rupert hits you with a +0 great mace of protection!!
You hit Rupert but do no damage. You headbutt Rupert, but do no damage.
Rupert is severely wounded.
Rupert hits you but does no damage. x2
You slash Rupert! Your headbutt misses Rupert.
Rupert is severely wounded.
Rupert hits you with a +0 great mace of protection.
* * * LOW HITPOINT WARNING * * *
You hit Rupert.
Rupert is severely wounded.
Rupert hits you with a +0 great mace of protection!!
* * * LOW HITPOINT WARNING * * *
You feel much better.
Rupert hits you with a +0 great mace of protection!!
* * * LOW HITPOINT WARNING * * *
You feel much better. Rupert hits you but does no damage. x2
You feel much better. Rupert barely misses you. You furiously retaliate!
You headbutt Rupert! You slash Rupert! Your headbutt misses Rupert.
Rupert is almost dead.
Rupert barely misses you.
You slash Rupert! Your headbutt misses Rupert.
Rupert is almost dead.
Rupert hits you with a +0 great mace of protection!
You hit Rupert.
Rupert is almost dead.
You block Rupert's attack.
You closely miss Rupert. You headbutt Rupert!
Rupert is almost dead.
Rupert hits you but does no damage.
Rupert hits you with a +0 great mace of protection!!!
* * * LOW HITPOINT WARNING * * *
Cleave: a) +1 war axe
Press: ? - help, Dir - move target, f/p - Rupert
Aim: Rupert, wielding a +0 great mace of protection and wearing a +0 scale mail (almost dead, berserk, about 29% to evade your +1 war axe)
Okay, then.
Rupert attacks as you move away!
Rupert hits you with a +0 great mace of protection!!
You die...

#...# #............ #...#
#...............# ##..#
##.##+#...P...... ####..# #
#..#......#.....## ##.##..# #P
#..#.............#
.......###..#P........#.....##
...............P.............#
.##.#..........#............#
#####...........@@....#.....#.
# #.............+###..(..... #
.......................... ..
.......................... ##
########..#.#####..#.#####
###### ######


You could see Rupert (berserk).

Vanquished Creatures
  Gastronok (D:8)
  2 two-headed ogres
  A skyshark (Lair:2)
  A bog body (Lair:3)
  Pikel (D:7)
  4 black mambas
  A gargoyle (Bailey)
  A rime drake (Lair:2)
  3 kobold demonologists (D:10)
  An unseen horror (D:11)
  A cane toad (Lair:2)
  5 komodo dragons
  The ghost of hollowman the Digger, a novice GrEE (D:6)
  2 trolls
  A polar bear (Lair:2)
  Grinder (D:5)
  A burning bush (Lair:1)
  A hornet (D:10)
  2 vampires
  Sigmund (D:2)
  8 wyverns
  A wraith (D:10)
  Eustachio (D:6)
  2 basilisks (Lair:1)
  38 yaks
  A steam dragon (D:7)
  2 wargs (D:11)
  An acid dragon (D:11)
  5 water moccasins
  7 orc warriors
  2 sky beasts (D:6)
  3 black bears
  2 ice beasts
  The ghost of turdburglar the Cutter, an amateur GnRe (D:4)
  4 ogres
  8 centaurs
  4 kobold brigands
  7 bullfrogs
  A gnoll sergeant (D:6)
  2 scorpions (D:6)
  3 wights (D:9)
  9 killer bees
  4 howler monkeys
  8 vampire bats (Bailey)
  6 wolf zombies (Bailey)
  An electric eel (D:8)
  7 centaur zombies (Ossuary)
  4 hounds
  2 jellies
  9 orc priests
  Crazy Yiuf (D:6)
  4 sleepcaps
  Ijyb (D:3)
  2 iguanas
  14 orc wizards
  5 mummies (Ossuary)
  5 adders
  3 gnolls (D:6)
  A river rat (D:4)
  2 shadow imps
  An ufetubus (D:6)
  2 worms
  A dart slug (D:1)
  31 orcs
  4 endoplasms
  3 giant cockroaches
  11 goblins
  11 hobgoblins
  6 jackals
  21 kobolds
  6 ball pythons
  4 bats
  3 frilled lizards
  A hobgoblin zombie (Ossuary)
  18 orc zombies (Bailey)
  7 rats
  3 bushes
356 creatures vanquished.

Vanquished Creatures (others)
  A bush (D:8)
  4 fungi
  16 plants
21 creatures vanquished.

Grand Total: 377 creatures vanquished

Notes
Turn   | Place    | Note
-------+----------+-------------------------------------------
     0 | D:1      | fortdeath9 the Minotaur Fighter began the quest for the
                  | Orb.
     0 | D:1      | Reached XP level 1. HP: 19/19 MP: 0/0
   158 | D:1      | Reached XP level 2. HP: 18/27 MP: 1/1
   368 | D:1      | Reached skill level 3 in Axes
   639 | D:2      | Reached XP level 3. HP: 33/33 MP: 2/2
   776 | D:2      | Noticed Sigmund
   790 | D:2      | Killed Sigmund
   791 | D:2      | Reached skill level 4 in Axes
   791 | D:2      | Reached XP level 4. HP: 25/41 MP: 3/3
   791 | D:2      | Reached XP level 5. HP: 28/47 MP: 4/4
  1047 | D:3      | Found Miqolec's Book Boutique.
  1047 | D:3      | Noticed a walking divine tome
  1047 | D:3      | Noticed a walking divine tome
  1117 | D:3      | Found Sidec's Assorted Antiques.
  1300 | D:3      | Found Wesaun's Antique Weapon Emporium.
  1339 | D:3      | Found Fualamau's General Store.
  1362 | D:3      | Reached skill level 5 in Axes
  1362 | D:3      | Reached XP level 6. HP: 42/55 MP: 5/5
  1409 | D:3      | Found Mucrul's General Store.
  1934 | D:3      | Noticed Ijyb
  1947 | D:3      | Killed Ijyb
  1948 | D:3      | Reached skill level 5 in Armour
  2238 | D:4      | Found a runed translucent door.
  2239 | D:4      | Noticed turdburglar's ghost (amateur GnRe)
  2256 | D:4      | Reached skill level 5 in Fighting
  2283 | D:4      | Reached skill level 5 in Shields
  2293 | D:4      | Killed turdburglar's ghost
  2300 | D:4      | Found a runed translucent door.
  2384 | D:4      | Noticed an ice beast
  2410 | D:4      | Killed an ice beast
  2411 | D:4      | Reached skill level 6 in Axes
  2411 | D:4      | Reached XP level 7. HP: 34/61 MP: 6/6
  2993 | D:4      | Found a staircase to the Ecumenical Temple.
  3002 | Temple   | Entered the Ecumenical Temple
  3148 | D:5      | Entered Level 5 of the Dungeon
  3491 | D:5      | Reached skill level 7 in Axes
  3805 | D:5      | Noticed Grinder
  3820 | D:5      | Killed Grinder
  3821 | D:5      | Reached XP level 8. HP: 71/71 MP: 7/7
  3930 | D:6      | Reached skill level 8 in Axes
  4102 | D:6      | Found a runed translucent door.
  4103 | D:6      | Noticed Crazy Yiuf
  4108 | D:6      | Killed Crazy Yiuf
  4389 | D:6      | Noticed Eustachio
  4399 | D:6      | Killed Eustachio
  4406 | D:6      | Reached skill level 9 in Axes
  4440 | D:6      | Reached XP level 9. HP: 37/79 MP: 8/8
  4870 | D:6      | Found a runed translucent gate.
  4870 | D:6      | Found a runed translucent gate.
  4870 | D:6      | Found a runed translucent gate.
  4870 | D:6      | Noticed hollowman's ghost (novice GrEE)
  4886 | D:6      | Killed hollowman's ghost
  5388 | D:7      | Reached skill level 10 in Axes
  5841 | D:7      | Noticed Pikel
  5854 | D:7      | Killed Pikel
  5855 | D:7      | Reached skill level 11 in Axes
  5871 | D:7      | Reached XP level 10. HP: 67/90 MP: 9/9
  6797 | D:8      | Found a hide-covered altar of Uskayaw.
  7193 | D:8      | Found an iron altar of Okawaru.
  7226 | D:8      | Became a worshipper of Warmaster Okawaru
  7246 | D:8      | Found a sand-covered staircase.
  7250 | Ossuary  | Entered an ossuary
  7317 | Ossuary  | Reached skill level 12 in Axes
  7475 | D:8      | Noticed Gastronok
  7475 | D:8      | Noticed a two-headed ogre
  7493 | D:8      | Killed a two-headed ogre
  7493 | D:8      | Reached * piety under Okawaru
  7508 | D:8      | Killed Gastronok
  7508 | D:8      | Reached ** piety under Okawaru
  7532 | D:8      | Reached XP level 11. HP: 15/99 MP: 10/10
  7535 | D:8      | Reached *** piety under Okawaru
  7536 | D:8      | Reached skill level 10 in Armour
  7875 | D:8      | Found a shimmering altar of Xom.
  7887 | D:8      | Found an opulent altar of Gozag.
  7912 | D:8      | Reached skill level 13 in Axes
  8351 | D:9      | Reached skill level 10 in Fighting
  8363 | D:9      | Reached skill level 10 in Shields
  8363 | D:9      | Reached skill level 1 in Invocations
  8754 | D:9      | Found a bloodstained altar of Trog.
  8879 | D:9      | Noticed a two-headed ogre
  8888 | D:9      | Killed a two-headed ogre
  8888 | D:9      | Reached **** piety under Okawaru
  8986 | D:9      | Found a shimmering blue altar of Sif Muna.
  9233 | D:10     | Entered Level 10 of the Dungeon
  9375 | D:10     | Found a flagged portal.
  9399 | Bailey   | Entered a bailey
 10034 | D:10     | Received a gift from Okawaru
 10144 | D:10     | Reached skill level 14 in Axes
 10221 | D:10     | Reached ***** piety under Okawaru
 10328 | D:10     | Found a staircase to the Orcish Mines.
 10564 | D:10     | Found a hazy altar of Hepliaklqana.
 10938 | D:11     | Identified the +1 crystal plate armour "Juwnut" {rC+ Int+4}
                  | (Okawaru gifted it to you on level 11 of the Dungeon)
 10938 | D:11     | Received a gift from Okawaru
 10944 | D:11     | Reached XP level 12. HP: 110/110 MP: 13/13
 11194 | D:11     | Found a staircase to the Lair.
 11419 | D:11     | Found a portal to a secret trove of treasure.
 11675 | Lair:1   | Entered Level 1 of the Lair of Beasts
 11941 | Lair:1   | Reached skill level 15 in Axes
 13119 | Lair:2   | Reached skill level 5 in Invocations
 13427 | Lair:2   | Reached skill level 1 in Evocations
 14014 | Lair:3   | Found a staircase to the Swamp.
 14307 | Lair:3   | Noticed Rupert
 14345 | Lair:3   | Annihilated by Rupert

Illustrated notes

Levels and vault maps discovered:
D:1:      dpeg_arrival_orchard, layout_rooms, serial_glass, glass_columns_c,
          glass_columns_a, chequers_arboretum
D:2:      layout_rooms, uniq_sigmund
D:3:      kennysheep_goblin_castle, layout_basic, serial_shops,
          nicolae_shop_window_shopping, nicolae_shop_mannequins,
          nicolae_shop_waterfront, shop, shop
D:4:      layout_basic, lemuel_temple_firewalk_b, ebering_ghost_sewer_f
D:5:      layout_rooms, uniq_grinder
D:6:      layout_gridville, ebering_ghost_rock_garden, minmay_crystal_water,
          uniq_crazy_yiuf_cottage, uniq_eustachio
D:7:      layout_basic, chequers_serial_rivers_room_b, uniq_pikel
D:8:      layout_basic, mainiacjoe_overflow_surrounded_room,
          amcnicky_altar_gilded, mainiacjoe_overflow_big_doors, serial_bayou,
          serial_bayou_pond_e, serial_bayou_ford_a, serial_bayou_pond_d,
          serial_bayou_pond_a, enter_ossuary_3, uniq_gastronok
D:9:      layout_loops_corners, mainiacjoe_overflow_alcove_2,
          nicolae_sif_muna_condensation
D:10:     layout_big_octagon, mainiacjoe_overflow_alcove_4,
          minmay_orc_entry_temple_small, enter_bailey_2, kennysheep_small_square
D:11:     layout_basic, erik_lair_orcish_takeover, enter_trove_0
Temple:   nicolae_temple_no_exploring_needed
Lair:1:   layout_cave_pods, evilmike_ambush [evilmike_ambush_outer_basic,
          evilmike_ambush_inner_basic]
Lair:2:   layout_long_grid, infiniplex_staircase_pool_2, grunt_megastairs_4
Lair:3:   layout_chaotic_city, skrybe_swamp_entry_bodies,
          minmay_snake_entry_guardpost_medium, uniq_rupert

Skill      XL: |  1  2  3  4  5  6  7  8  9 10 11 12 |
---------------+-------------------------------------+-----
Fighting       | 4 5 6 7 8 9 11 | 11.9
Armour         | 4 5 6 7 8 9 11 | 11.9
Shields        | 4 5 6 7 8 9 11 | 11.9
Axes           | 3 4 5 6 7 9 11 12 14 15 | 15.8
Invocations    | 3 5 |  5.0
Evocations     | 1 |  1.6

Action                     |  1- 3 |  4- 6 |  7- 9 | 10-12 || total
---------------------------+-------+-------+-------+-------++-------
  Melee: War axe           |    75 |    91 |   209 |   721 ||  1096
         Headbutt          |     9 |    10 |    44 |   174 ||   237
  Throw: Stone             |     4 |     4 |     5 |     9 ||    22
         Dart              |       |       |    10 |    32 ||    42
 Invoke: Heroism           |       |       |       |     2 ||     2
  Evoke: Wand              |       |       |     1 |    34 ||    35
    Use: Scroll            |     1 |     1 |     8 |     9 ||    19
         Potion            |       |     1 |     2 |    12 ||    15
 Armour: Scale mail        |    16 |       |       |       ||    16
         Chain mail        |       |    32 |    53 |       ||    85
         Plate armour      |       |       |    37 |   235 ||   272
         Crystal plate arm |       |       |       |   136 ||   136
  Dodge: Dodged            |    39 |    51 |    80 |   157 ||   327
  Block: Buckler           |    15 |    17 |    54 |   169 ||   255

Table legend: (Time is in decaauts)
 A = Elapsed time spent in this place.
 B = Non-inter-level travel time spent in this place.
 C = Inter-level travel time spent in this place.
 D = Time resting spent in this place.
 E = Time spent auto-exploring this place.
 F = Levels seen in this place.
 G = Mean time per level.
                   A        B        C        D        E       F      G
               +--------+--------+--------+--------+--------+-----+--------+
         Total |  14333 |  13784 |    549 |   2780 |   5718 |  17 |  843.1 |
       Dungeon |  11038 |  10556 |    482 |   1951 |   4409 |  11 | 1003.5 |
        Temple |     19 |     19 |      0 |      0 |      0 |   1 |   19.0 |
          Lair |   2618 |   2551 |     67 |    658 |   1219 |   3 |  872.7 |
       Ossuary |    121 |    121 |      0 |      0 |      0 |   1 |  121.0 |
        Bailey |    534 |    534 |      0 |    171 |     89 |   1 |  534.0 |
               +--------+--------+--------+--------+--------+-----+--------+

Top non-repeatable levels by time:
     D:6: 1524 daAuts
     D:7: 1362 daAuts
     D:8: 1324 daAuts
  Lair:2: 1314 daAuts
     D:9: 1199 daAuts
     D:3: 1144 daAuts
     D:4: 972 daAuts
    D:11: 919 daAuts
  Lair:1: 832 daAuts
    D:10: 807 daAuts
     D:5: 711 daAuts
     D:1: 616 daAuts
  Bailey: 534 daAuts
  Lair:3: 471 daAuts
     D:2: 456 daAuts
